 Dungeon Crawl Stone Soup version 0.22.1-2-g9c5b331383 (webtiles) character file.

7593 Gargoyl the Quickloader (level 10, -1/84 HPs)
             Began as a Centaur Abyssal Knight on Dec 6, 2018.
             Was an Elder of Lugonu.
             Slain by a minotaur
             ... wielding a +3 vampiric glaive
              (21 damage)
             ... in a labyrinth on Dec 7, 2018.
             The game lasted 00:26:49 (10755 turns).

Gargoyl the Quickloader (Centaur Abyssal Knight)   Turns: 10755, Time: 00:26:50

Health: -1/84      AC: 14    Str: 20    XL:     10   Next: 97%
Magic:  16/16      EV: 10    Int: 11    God:    Lugonu [****..]
Gold:   578        SH:  0    Dex: 14    Spells: 9/9 levels left

rFire    . . .     SeeInvis .   d - +11 arbalest "Ihoky" {flame, rN+ Dex+4}
rCold    . . .     Gourm    .   (shield currently unavailable)
rNeg     + . .     Faith    .   r - +1 chain mail
rPois    .         Spirit   .   b - +0 helmet
rElec    .         Reflect  .   (no cloak)
rCorr    .         Harm     .   v - +1 pair of gloves
MR       .....                  (no barding)
Stlth    ..........             w - amulet of regeneration
HPRegen  0.64/turn              G - +3 ring of strength
MPRegen  0.15/turn              m - +4 ring of evasion

@: very quick
A: large, hooves 3, deformed body, speed 2, tough skin 3
a: Depart the Abyss, Bend Space, Banish, Corrupt, Renounce Religion


You were in a labyrinth.
You worshipped Lugonu.
Lugonu was greatly pleased with you.
You were not hungry.

You visited 2 branches of the dungeon, and saw 10 of its levels.
You visited the Abyss 1 time.
You also visited: Labyrinth.

You collected 578 gold pieces.

Inventory:

Hand Weapons
 d - the +11 arbalest "Ihoky" (weapon) {flame, rN+ Dex+4}
   (You found it on level 2 of the Abyss)

   It causes projectiles fired from it to burn those they strike, causing extra
   injury to most foes and up to half again as much damage against particularly
   susceptible opponents.
   It affects your dexterity (+4).
   It protects you from negative energy.
 o - a +2 antimagic war axe
 D - a +2 battleaxe of electrocution
 E - a +4 war axe
Missiles
 s - 35 bolts (quivered)
Armour
 b - a +0 helmet (worn)
 r - a +1 chain mail (worn)
 v - a +1 pair of gloves (worn)
 H - a +0 shield
Jewellery
 g - an uncursed ring of protection from magic
 m - a +4 ring of evasion (right hand)
 p - an uncursed ring of see invisible {unknown}
 w - an amulet of regeneration (around neck)
 G - a +3 ring of strength (left hand)
 I - an uncursed ring of resist corrosion
Wands
 e - a wand of random effects (29)
 u - a wand of digging (16)
 x - a wand of polymorph (14)
 y - a wand of paralysis (30)
Scrolls
 h - 4 scrolls of teleportation
 j - 4 scrolls of remove curse
 A - 2 scrolls of immolation
 B - 4 scrolls of identify
 C - a scroll of blinking
 J - a scroll of fear {unknown}
Potions
 a - a potion of ambrosia {unknown}
 f - 2 potions of cancellation {unknown}
 i - 6 potions of curing
 k - a potion of berserk rage
 l - a potion of heal wounds {unknown}
 n - a potion of resistance {unknown}
 q - a potion of degeneration {unknown}
 t - a potion of lignification {unknown}
 z - a potion of haste {unknown}
 F - a potion of flight {unknown}
Comestibles
 c - 14 rations


   Skills:
 + Level 6.4 Fighting
 + Level 5.6 Axes
 + Level 10.0 Crossbows
 * Level 6.6 Armour
 + Level 2.0 Dodging
 * Level 8.3 Invocations
 + Level 1.1 Evocations


You had 9 spell levels left.
You didn't know any spells.
Your spell library was empty.

Dungeon Overview and Level Annotations

Branches:
Dungeon (9/15)             Temple (0/1) D:4            Lair (1/6) D:9
    Orc: D:9-12

Altars:
Ashenzari
Cheibriados
Dithmenos
Hepliaklqana
Kikubaaqudgha
Makhleb
Nemelex Xobeh
Okawaru
Ru
Sif Muna
Trog
Vehumet
Wu Jian
Xom
Zin
The Shining One

Shops:
D:5 =

Annotations:
Lab corrupted


Innate Abilities, Weirdness & Mutations

You have hooves in place of feet.
Armour fits poorly on your strangely shaped body.
You cover ground very quickly.
You have extremely tough skin. (AC +3)


Message History

The minotaur is heavily wounded.
Firing (i - inventory)
s - 38 bolts (quivered)
Press: ? - help, Shift-Dir - straight line, f/p - minotaur
Aim: a minotaur, wielding a vampiric glaive, wearing a chain mail and wearing a You shoot a bolt.
The bolt hits the minotaur!
The bolt burns the minotaur!
The minotaur is severely wounded.
The minotaur throws a javelin.
The javelin hits you!!
* * * LOW HITPOINT WARNING * * *
Firing (i - inventory)
s - 37 bolts (quivered)
Press: ? - help, Shift-Dir - straight line, f/p - minotaur
Aim: a minotaur, wielding a vampiric glaive, wearing a chain mail and wearing a You shoot a bolt.
The bolt hits the minotaur.
The bolt burns the minotaur.
The minotaur is severely wounded.
Firing (i - inventory)
s - 36 bolts (quivered)
Press: ? - help, Shift-Dir - straight line, f/p - minotaur
Aim: a minotaur, wielding a vampiric glaive, wearing a chain mail and wearing a You shoot a bolt.
The bolt hits the minotaur!
The bolt burns the minotaur.
The minotaur is almost dead.
The minotaur hits you from afar with a vampiric glaive!!
You die...

. #.# #. . # #
#.#. . . .#..
... ## # ###. ##
#........
.........# #.
#.## ### ### #
## #.... . ..
..#.. # #
###..########.#.
### .#
..#@.H((.#.#...
. #.####(#. ..
.. #.# .# # . #.
#.# ####.#. #
...#... ....# #
#. ..##########
### ..... ## #
#. ..


You could see a minotaur.

Vanquished Creatures
  A two-headed ogre (D:9)
  Joseph (D:9)
  A minotaur skeleton (Lab)
  A troll (D:7)
  A hippogriff (D:7)
  A redback (Lab)
  Grum (D:9)
  2 hungry ghosts (Lab)
  A basilisk (Lab)
  2 water moccasins
  4 orc warriors
  3 sky beasts
  6 ice beasts
  2 phantoms
  3 ogres
  2 wolves
  3 centaurs
  A big kobold (D:7)
  6 bullfrogs
  A gnoll sergeant (D:9)
  A water moccasin zombie (D:8)
  2 scorpions (D:6)
  10 killer bees (D:9)
  8 wights
  A howler monkey (D:6)
  3 crimson imps
  2 jellies
  3 hounds
  2 orc priests
  6 orc wizards
  2 iguanas
  3 bullfrog skeletons
  Ijyb (D:5)
  7 worker ants
  A statue (D:7)
  A killer bee zombie (D:9)
  Robin (D:4)
  12 gnolls
  6 adders
  A shadow imp (D:5)
  3 adder skeletons
  An adder zombie (D:6)
  A dart slug (D:1)
  A leopard gecko (D:9)
  37 orcs
  11 giant cockroaches
  26 goblins
  9 hobgoblins
  11 jackals
  14 kobolds
  4 quokkas
  2 ball pythons
  8 bats
  6 frilled lizards
  A giant cockroach zombie (D:5)
  A quokka skeleton (D:4)
  2 rats
254 creatures vanquished.

Vanquished Creatures (others)
  A hydra (D:9)
  A komodo dragon (D:9)
  4 plants (Lab)
6 creatures vanquished.

Grand Total: 260 creatures vanquished

Notes
Turn   | Place    | Note
-------+----------+-------------------------------------------
     0 | Abyss:1  | Gargoyl the Centaur Abyssal Knight began the quest for the
                  | Orb.
     0 | Abyss:1  | Reached XP level 1. HP: 19/19 MP: 2/2
    49 | Abyss:1  | Noticed a worldbinder
    60 | Abyss:2  | Found a corrupted altar of Lugonu.
    78 | Abyss:2  | Got a smoking arbalest
   130 | Abyss:3  | Noticed a glowing orange brain
   149 | Abyss:3  | Noticed a fire bat
   149 | Abyss:3  | Noticed a fire bat
   149 | Abyss:3  | Noticed an efreet
   149 | Abyss:3  | Noticed a large abomination
   149 | D:1      | Escaped the Abyss
   155 | D:1      | Identified the +11 arbalest "Ihoky" {flame, rN+ Dex+4} (You
                  | found it on level 2 of the Abyss)
   249 | D:1      | Reached * piety under Lugonu
   262 | D:1      | Reached XP level 2. HP: 19/26 MP: 3/3
   773 | D:1      | Reached XP level 3. HP: 27/31 MP: 4/4
  1556 | D:2      | Reached ** piety under Lugonu
  1763 | D:2      | Reached XP level 4. HP: 36/38 MP: 6/6
  2449 | D:3      | Reached skill level 1 in Dodging
  2822 | D:3      | Reached XP level 5. HP: 44/45 MP: 2/7
  2992 | D:4      | Noticed an ogre
  2999 | D:4      | Killed an ogre
  3211 | D:4      | Reached XP level 6. HP: 28/52 MP: 2/8
  3797 | D:4      | Noticed Robin
  3800 | D:4      | Reached *** piety under Lugonu
  3807 | D:4      | Killed Robin
  3916 | D:4      | Reached XP level 7. HP: 53/58 MP: 3/10
  4315 | D:4      | Found a staircase to the Ecumenical Temple.
  4398 | D:4      | Found a shimmering altar of Xom.
  4402 | D:4      | Found a burning altar of Makhleb.
  4402 | D:4      | Found an ornate altar of the Wu Jian Council.
  4405 | D:4      | Found a snail-covered altar of Cheibriados.
  4405 | D:4      | Found a glowing silver altar of Zin.
  4405 | D:4      | Found a shattered altar of Ashenzari.
  4612 | D:4      | Found a hazy altar of Hepliaklqana.
  4615 | D:4      | Found a deep blue altar of Sif Muna.
  4618 | D:4      | Found a snail-covered altar of Cheibriados.
  4655 | D:5      | Entered Level 5 of the Dungeon
  4655 | D:5      | Noticed Ijyb
  4657 | D:5      | Killed Ijyb
  4886 | D:5      | Found Usucs's Jewellery Shoppe.
  4962 | D:5      | Reached skill level 1 in Crossbows
  5216 | D:5      | Found a glowing golden altar of the Shining One.
  5336 | D:5      | Found a bloodstained altar of Trog.
  5375 | D:5      | Found a shadowy altar of Dithmenos.
  5791 | D:6      | Reached skill level 2 in Crossbows
  5791 | D:6      | Reached XP level 8. HP: 52/66 MP: 11/11
  5823 | D:6      | Reached skill level 5 in Invocations
  5874 | D:6      | Reached skill level 3 in Crossbows
  5970 | D:6      | Found a sacrificial altar of Ru.
  5995 | D:6      | Reached skill level 4 in Crossbows
  6002 | D:6      | Reached **** piety under Lugonu
  6307 | D:6      | Reached skill level 5 in Crossbows
  6512 | D:6      | Found an ancient bone altar of Kikubaaqudgha.
  6546 | D:6      | Reached XP level 9. HP: 72/72 MP: 13/13
  6756 | D:7      | Reached skill level 6 in Crossbows
  6807 | D:7      | Reached skill level 5 in Armour
  6887 | D:7      | Reached skill level 5 in Fighting
  7311 | D:7      | Reached skill level 5 in Axes
  7311 | D:7      | Reached skill level 7 in Crossbows
  7671 | D:7      | Found an iron altar of Okawaru.
  7812 | D:7      | Found a radiant altar of Vehumet.
  7920 | D:7      | Got a polished trident
  7923 | D:7      | Identified the cursed +2 trident of Vayl {freeze, rF+ MP+9}
                  | (You found it on level 7 of the Dungeon)
  7966 | D:7      | Noticed a troll
  7974 | D:7      | Killed a troll
  7974 | D:7      | Reached skill level 8 in Crossbows
  8246 | D:8      | Found a shimmering altar of Xom.
  8281 | D:8      | Reached ***** piety under Lugonu
  8342 | D:8      | Reached XP level 10. HP: 81/81 MP: 15/15
  8896 | D:9      | Found a sparkling altar of Nemelex Xobeh.
  8899 | D:9      | Noticed Joseph
  8908 | D:9      | Killed Joseph
  9140 | D:9      | Reached skill level 9 in Crossbows
  9278 | D:9      | Noticed a two-headed ogre
  9294 | D:9      | Killed a two-headed ogre
  9809 | D:9      | Found a staircase to the Lair.
  9843 | Lair:1   | Entered Level 1 of the Lair of Beasts
  9857 | Lair:1   | Noticed a seven-headed hydra
  9890 | D:9      | Noticed Grum
  9892 | D:9      | Banished a seven-headed hydra
  9898 | D:9      | Killed Grum
 10034 | Lair:1   | Found a labyrinth entrance.
 10042 | Lab      | Entered a labyrinth
 10091 | Lab      | Reached skill level 10 in Crossbows
 10242 | Lab      | Corrupted Lab
 10242 | Lab      | Noticed a thrashing horror
 10244 | Lab      | Noticed a blizzard demon
 10661 | Lab      | Reached skill level 1 in Evocations
 10748 | Lab      | Noticed a minotaur
 10755 | Lab      | Slain by a minotaur

Skill      XL: |  1  2  3  4  5  6  7  8  9 10 |
---------------+-------------------------------+-----
Axes           | 2 3 4 5 |  5.6
Invocations    | 3 4 5 7 8 |  8.3
Armour         | 2 3 4 5 6 |  6.6
Dodging        | 1 2 |  2.0
Fighting       | 4 5 6 |  6.4
Crossbows      | 2 5 8 10 | 10.0
Evocations     | 1 |  1.1

Action                   |  1- 3 |  4- 6 |  7- 9 | 10-12 || total
-------------------------+-------+-------+-------+-------++-------
Melee: Hand axe          |   114 |    32 |       |       ||   146
       Kick              |    19 |    36 |     6 |     5 ||    66
       War axe           |       |    97 |    17 |       ||   114
       Arbalest          |       |       |     9 |       ||     9
       Battleaxe         |       |       |       |    35 ||    35
 Fire: Arbalest          |       |       |   207 |   115 ||   322
Invok: Depart the Abyss  |     1 |       |       |       ||     1
       Banish            |       |       |       |     2 ||     2
       Corrupt           |       |       |       |     1 ||     1
Evoke: Wand              |     4 |       |       |    35 ||    39
  Use: Scroll            |     7 |     4 |     3 |     7 ||    21
       Potion            |       |       |       |     1 ||     1
  Eat: Chunk             |     1 |     7 |    10 |     2 ||    20
       Ration            |       |       |     1 |     2 ||     3
Armor: Leather armour    |    45 |       |       |       ||    45
       Ring mail         |     6 |    13 |       |       ||    19
       Chain mail        |       |    55 |    48 |    97 ||   200
Dodge: Dodged            |    77 |    97 |    50 |    95 ||   319
